 Dungeon Crawl Stone Soup version 0.29.1-2-gbd0b4ee654 (webtiles) character file.

Game seed: 18130727391731371408

30 DildoBatman the Conjurer (level 3, -6/24 HPs)
             Began as a Formicid Conjurer on Oct 26, 2022.
             Mangled by a gnoll
             ... wielding a +0 whip
              (9 damage)
             ... on level 1 of the Dungeon.
             The game lasted 00:04:32 (1347 turns).

DildoBatman the Conjurer (Formicid Conjurer)        Turns: 1347, Time: 00:04:33

Health: -6/24      AC:  2    Str: 11    XL:     3   Next: 37%
Magic:  1/6        EV: 12    Int: 17    God:
Gold:   123        SH:  0    Dex: 14    Spells: 3/6 levels left

rFire   . . .      SeeInvis +   e - +0 short sword
rCold   . . .      Faith    .   (no shield)
rNeg    . . .      Spirit   .   a - +0 robe
rPois   .          Reflect  .   (helmet unavailable)
rElec   .          Harm     .   (no cloak)
rCorr   .          Rampage  .   (no gloves)
Will    .....                   (no boots)
Stlth   ++........              (no amulet)
HPRegen 0.08/turn               (no ring)
MPRegen 0.10/turn               (no ring)

@: no status effects
A: permanent stasis, dig shafts and tunnels, antennae 3, four strong arms
a: Dig, Shaft Self


You were on level 1 of the Dungeon.
You visited 1 branch of the dungeon, and saw 2 of its levels.

You collected 123 gold pieces.

Inventory:

Hand Weapons
 e - a +0 short sword (weapon)
Missiles
 c - 33 stones
 i - 2 poisoned darts (quivered)
Armour
 a - a +0 robe (worn)
Scrolls
 d - a scroll of enchant armour {unknown}
 g - a scroll of teleportation {unknown}
Potions
 b - a potion of magic
 f - a potion of haste {unknown}
 j - a potion of curing {unknown}
 k - a potion of attraction {unknown}
 l - 2 potions of berserk rage {unknown}
 m - 2 potions of flight {unknown}


   Skills:
 - Level 1.7 Dodging
 - Level 2.4 Stealth
 - Level 2.1 Spellcasting
 * Level 4.5 Conjurations


You had 3 spell levels left.
You knew the following spells:

 Your Spells              Type           Power      Damage    Failure   Level
a - Searing Ray           Conj           34%        2d5       4%          2
c - Magic Dart            Conj           68%        1d6       3%          1

Your spell library contained the following spells:

 Spells                   Type           Power      Damage    Failure   Level
 Dazzling Flash           Conj/Hex       18%        N/A       22%         3
 Lesser Beckoning         Tloc           1%         N/A       50%         3
 Ozocubu's Armour         Ice            1%         N/A       50%         3
 Fulminant Prism          Conj/Hex       4%         3d6       58%         4
 Iskenderun's Mystic Bla  Conj/Tloc      9%         2d4       58%         4
 Manifold Assault         Tloc           1%         N/A       99%         5
 Metabolic Englaciation   Hex/Ice        0%         N/A       99%         5
 Simulacrum               Ice/Necr       0%         N/A       100%        6
 Blink                    Tloc           Unusable   N/A       N/A         2

Dungeon Overview and Level Annotations

Branches:
Dungeon (2/15)

Altars:

Annotations:
D:1 exclusion: iron dragon
D:2 Robin


Innate Abilities, Weirdness & Mutations

You cannot be hasted, slowed, berserked, paralysed or teleported.
You can dig through walls and to a lower floor.
You have a pair of large antennae on your head. (SInv)
Your four strong arms can wield two-handed weapons with a shield.


Message History

You throw a javelin. The javelin barely misses the gnoll.
The gnoll hits you with a +0 whip. x2
Throw: javelin
Press: ? - help, Q - select action, (/) - cycle Shift-Dir - straight line, f/p - gnoll
Aim: a gnoll, wielding a +0 whip (heavily wounded, 61% to hit)
You throw a javelin. The javelin pierces through the gnoll.
The gnoll is heavily wounded.
The gnoll barely misses you.
Throw: 5 darts (poison)
Press: ? - help, Q - select action, (/) - cycle Shift-Dir - straight line, f/p - gnoll
Aim: a gnoll, wielding a +0 whip (heavily wounded, 61% to hit)
You throw a poisoned dart.
The poisoned dart closely misses the gnoll.
The gnoll closely misses you.
Throw: 4 darts (poison)
Press: ? - help, Q - select action, (/) - cycle Shift-Dir - straight line, f/p - gnoll
Aim: a gnoll, wielding a +0 whip (heavily wounded, 61% to hit)
You throw a poisoned dart. The poisoned dart hits the gnoll.
The gnoll is heavily wounded.
The gnoll barely misses you. What are your orders? t - Shout!
Orders for allies: a - Attack new target. p - Attack previous target. r - Retreat! s - Stop attacking. g - Guard the area. f - Follow me.
Anything else - Cancel.
You shout for attention!
The gnoll hits you with a +0 whip.
Throw: 3 darts (poison)
Press: ? - help, Q - select action, (/) - cycle Shift-Dir - straight line, f/p - gnoll
Aim: a gnoll, wielding a +0 whip (heavily wounded, 61% to hit)
You throw a poisoned dart. The poisoned dart hits the gnoll.
The gnoll is poisoned.
The gnoll is heavily wounded.
The gnoll hits you with a +0 whip!
You die...

#.##.### #.# #.# #..[..... ..##.#
#†# #.# #..#####. .###.# #.###
#.###..# #. .###'## #...#
#.>....# ## .##...## ###.#
#####.## .#.....## ####.# #.####
........## ##.##.# #.##.##
.........####...#.#######.#...###
.........(.....g@................
.........####.........##.#.....##
#.......## #..##.###.##.#.#.#.#
##.....## #.###.# #.##.#..##.#
###...## #.# #.# #.##.##.##.#
......# #.# #.# #>##.......#
####..# #)###.###.#####.#### #..#
#.........# #.# ###..#####
#####.##### #.#


You could see a gnoll (poisoned).

Vanquished Creatures
  2 ball pythons
  An endoplasm (D:1)
  A giant cockroach (D:2)
  5 goblins (D:2)
  4 hobgoblins (D:1)
  4 jackals (D:1)
  3 quokkas
  A bat (D:1)
  3 kobolds
  A rat (D:2)
25 creatures vanquished.

Vanquished Creatures (others)
  3 plants (D:1)
3 creatures vanquished.

Grand Total: 28 creatures vanquished

Notes
Turn   | Place    | Note
-------+----------+-------------------------------------------
     0 | D:1      | DildoBatman the Formicid Conjurer began the quest for the
                  | Orb.
     0 | D:1      | Reached XP level 1. HP: 13/13 MP: 3/3
     1 | D:1      | Noticed an iron dragon
     1 | D:1      | Noticed a red draconian
     3 | D:1      | Noticed an ice dragon
     5 | D:1      | Noticed an orb of fire
     6 | D:1      | Noticed an iron dragon
     8 | D:1      | Noticed an orb of fire
    12 | D:1      | Noticed a tentacled monstrosity
    14 | D:1      | Noticed an ice dragon
    14 | D:1      | Noticed a large abomination
    16 | D:1      | Noticed an iron dragon
    16 | D:1      | Noticed an ice dragon
    16 | D:1      | Noticed an orb of fire
    18 | D:1      | Noticed a white draconian
    18 | D:1      | Noticed an ice dragon
    20 | D:1      | Noticed a tentacled monstrosity
   358 | D:1      | Reached skill level 4 in Conjurations
   358 | D:1      | Reached XP level 2. HP: 9/19 MP: 0/5
   361 | D:1      | Learned a level 2 spell: Searing Ray
   801 | D:2      | Reached XP level 3. HP: 22/24 MP: 2/6
   845 | D:2      | Noticed Robin
  1347 | D:1      | Mangled by a gnoll

Illustrated notes

Levels and vault maps discovered:
D:1:      shiori_arrival_whats_in_store_for_you, layout_loops_corners,
          serial_bayou_pond_a
D:2:      layout_loops_corners, uniq_sigmund, uniq_robin

Skill      XL: |  1 |
---------------+----+-----
Conjurations   | 4 |  4.5
Dodging        | |  1.7
Stealth        | |  2.4
Spellcasting   | |  2.1

Action                   || total
-------------------------++-------
Melee: Short sword       ||    14
Throw: Dart              ||     3
       Javelin           ||     3
 Cast: Magic Dart        ||    51
       Searing Ray       ||     1
 Stab: Sleeping          ||     1
Armor: Robe              ||     4
Dodge: Dodged            ||    12
